 Dungeon Crawl Stone Soup version 0.19.1 (console) character file.

14 Jesseh the Chiller (level 2, -6/19 HPs)
             Began as a Merfolk Ice Elementalist on Nov 23, 2016.
             Mangled by a worm (8 damage)
             ... on level 2 of the Dungeon.
             The game lasted 00:03:38 (477 turns).

Jesseh the Chiller (Merfolk Ice Elementalist)        Turns: 477, Time: 00:03:38

Health: -6/19      AC:  2    Str:  8    XL:     2   Next: 41%
Magic:  0/5        EV: 13    Int: 14    God:
Gold:   52         SH:  0    Dex: 14    Spells: 1 memorised, 5 levels left

rFire  . . .     SeeInvis .     i - +0 short sword
rCold  . . .     Gourm    .     a - +0 robe
rNeg   . . .     Faith    .     (no shield)
rPois  .         Spirit   .     (no helmet)
rElec  .         Reflect  .     (no cloak)
rCorr  .         Harm     .     (no gloves)
MR     .....                    (no boots)
Stlth  ++........               (no amulet)
                                (no ring)
                                (no ring)

@: no status effects
A: change form in water, swift swim, stealthy swim
a: no special abilities


You were on level 2 of the Dungeon.
You were not hungry.

You visited 1 branch of the dungeon, and saw 2 of its levels.

You collected 52 gold pieces.

Inventory:

Hand Weapons
 i - a +0 short sword (weapon)
   (You took it off a kobold on level 1 of the Dungeon)
Missiles
 g - 33 poisoned needles
Armour
 a - a +0 robe (worn)
 h - a +0 leather armour
   (You found it on level 1 of the Dungeon)
Potions
 e - 2 potions of ambrosia {unknown}
 f - 2 potions of flight {unknown}
Books
 b - a book of Frost
Comestibles
 c - 2 bread rations
 d - 3 chunks of flesh


   Skills:
 - Level 2.6 Dodging
 - Level 2.1 Stealth
 * Level 2.6 Spellcasting
   Level 0.7 Conjurations
 + Level 3.5 Ice Magic


You had 5 spell levels left.
You knew the following spells:

 Your Spells              Type           Power        Failure   Level  Hunger
a - Freeze                Ice            ##..         6%          1    #......


Dungeon Overview and Level Annotations

Branches:
Dungeon (2/15)

Altars:


Message History

You kill the goblin!
The kobold closely misses you.
You hit the kobold but do no damage. The kobold barely misses you.
You barely miss the kobold. The kobold misses you.
You hit the kobold. The kobold closely misses you.
You hit the kobold.
You kill the kobold!
You now have 52 gold pieces (gained 8).
You see here a short sword.
i - a short sword
f - 2 fuming inky potions (gained 1)
Things that are here:
a club; a goblin corpse You butcher the goblin corpse.
d - 2 chunks of flesh (gained 1)
You see here a club.
Wield which item (- for none, * to show all)? (? for menu, Esc to quit)
i - a +0 short sword (weapon)
A scale mail.
The floor.
There is a stone staircase leading down here.
A rat comes into view.
You hit the rat.
You kill the rat!
Okay, then.
You see here a rat corpse.
You butcher the rat corpse.
d - 3 chunks of flesh (gained 1)
A giant cockroach comes into view.
Aim: a giant cockroach (clinging, resting)
You freeze the giant cockroach. The giant cockroach misses you.
The giant cockroach closely misses you.
You hit the giant cockroach.
You kill the giant cockroach!
A leopard gecko comes into view.
The leopard gecko closely misses you.
Aim: a leopard gecko (clinging)
You freeze the leopard gecko.
The leopard gecko seems to slow down.
The leopard gecko misses you.
You hit the leopard gecko but do no damage.
The leopard gecko barely misses you.
You closely miss the leopard gecko. The leopard gecko bites you.
You barely miss the leopard gecko. The leopard gecko misses you.
You barely miss the leopard gecko. The leopard gecko closely misses you.
You hit the leopard gecko.
The leopard gecko is no longer moving slowly.
The leopard gecko bites you.
You barely miss the leopard gecko. The leopard gecko barely misses you.
You hit the leopard gecko. The leopard gecko bites you.
You hit the leopard gecko. The leopard gecko barely misses you. x2
You hit the leopard gecko.
You kill the leopard gecko!
Partly explored, can't reach some places.
Sorry, I don't know how to get there.
There is a stone staircase leading down here.
You climb downwards.
Found a bread ration.
Found a stone staircase leading down.
There is a stone staircase leading up here.
A goblin comes into view. It is wielding a club.
The goblin shouts!
A bat comes into view.
The bat moves out of view.
A frilled lizard comes into view.
You see here a bread ration.
c - 2 bread rations (gained 1)
A giant cockroach comes into view.
A worm comes into view.
Aim: a goblin, wielding a club You freeze the goblin.
You kill the goblin!
Things that are here:
a club; a goblin corpse You butcher the goblin corpse.
Things that are here:
a club; 2 chunks of flesh; a goblin skeleton
Aim: a worm You freeze the worm.
The worm misses you.
Aim: a worm (lightly wounded)
You freeze the worm.
Aim: a worm (moderately wounded)
You freeze the worm. The worm bites you but does no damage.
You hit the worm. You hit the worm but do no damage.
The worm closely misses you.
You hit the worm. The worm barely misses you.
You hit the worm. The worm barely misses you.
You barely miss the worm. You hit the worm. The worm bites you.
You completely miss the worm. The worm bites you!
Ouch! That really hurt!
* * * LOW HITPOINT WARNING * * *
Aim: a worm (severely wounded)
You freeze the worm.
Aim: a worm (severely wounded)
You freeze the worm. The worm bites you.
* * * LOW HITPOINT WARNING * * *
Aim: a worm (severely wounded)
You freeze the worm.
Aim: a worm (heavily wounded)
You freeze the worm. The worm bites you!
You die...

. ..▒▒▒▒▒+▒▒▒▒
..........>..m▒
............w▒ .
.. ▒▒▒......▒ ..
.. ▒▒......▒ ...
▒w ▒<......▒
....▒.▒▒.▒▒..▒▒▒
.......▒.▒▒..▒
▒.).▒▒..▒
▒▒..▒▒..▒


You could see a worm.

Vanquished Creatures
  2 leopard geckos (D:1)
  A giant cockroach (D:1)
  2 goblins
  A hobgoblin (D:1)
  2 kobolds (D:1)
  5 rats (D:1)
13 creatures vanquished.

Notes
Turn   | Place    | Note
-------+----------+-------------------------------------------
     0 | D:1      | Jesseh the Merfolk Ice Elementalist began the quest for the Orb.
     0 | D:1      | Reached XP level 1. HP: 13/13 MP: 3/3
   250 | D:1      | Reached XP level 2. HP: 19/19 MP: 1/5
   460 | D:2      | HP: 2/19 [worm (12)]
   477 | D:2      | Mangled by a worm

Action                   || total
-------------------------++-------
Melee: Unarmed           ||    15
       Short sword       ||    18
 Cast: Freeze            ||    22
Armor: Robe              ||     3
Dodge: Dodged            ||    31

Vault maps used:
D:1:      onia_arrival_handbag

Table legend:
 A = Turns spent in this place as a percentage of turns spent in the entire game.
 B = Non-inter-level travel turns spent in this place as a percentage of non-inter-level travel turns spent in the entire game.
 C = Inter-level travel turns spent in this place as a percentage of turns spent in this place.
 D = Turns resting spent in this place as a percentage of non-inter-level travel turns spent in this place.
 E = Turns spent auto-exploring this place as a percentage of non-inter-level travel turns spent in this place.
 F = Non-inter-level travel turns spent in this place divided by the number of levels of this place that you've seen.
                   A       B       C       D       E      F
               +-------+-------+-------+-------+-------+----------------------
         Total | 100.0 | 100.0 |   1.1 |   0.0 |   8.5 |  94.0
       Dungeon | 100.0 | 100.0 |   1.1 |   0.0 |   8.5 |  94.0
               +-------+-------+-------+-------+-------+----------------------

Table legend:
 A = Kills in this place as a percentage of kills in entire the game.
 B = Kills by you in this place as a percentage of kills by you in the entire game.
 C = Kills by friends in this place as a percentage of kills by friends in the entire game.
 D = Other kills in this place as a percentage of other kills in the entire game.
 E = Experience gained in this place as a percentage of experience gained in the entire game.
 F = Experience gained in this place divided by the number of levels of this place that you have seen.
                   A       B       C       D       E      F
               +-------+-------+-------+-------+-------+----------------------
         Total | 100.0 | 100.0 |  -nan |  -nan | 100.0 |  10.0
       Dungeon | 100.0 | 100.0 |  -nan |  -nan | 100.0 |  10.0
               +-------+-------+-------+-------+-------+----------------------
